Map: 2000 Atmospheres LE

Players

ForJumy

  • Race: Protoss Protoss

MarineLorD - Winner!

  • Race: Terran Terran
  • League: Master

Event: DreamHack SC2 Masters 2021 Winter

VOD

Have the link to the VOD?

Description

Time

  • Played on: Sept. 29, 2021, 1:57 p.m.
  • Length: 11:26

All games in this series

Show
View Real Time Build Order
Export as new Build Order

ForJumy Protoss 

Build Orders:  

Get SALT Encoding   

  12  0:00  Probe  
  13  0:12  Probe  
  14  0:17  Pylon  
  14  0:24  Probe  
  15  0:35  Gateway  
  15  0:36  Probe (Chrono Boost)  
  16  0:46  Assimilator, Probe (Chrono Boost)  
  17  0:51  Probe (Chrono Boost)  
  18  1:02  Probe  
  19  1:15  Probe  
  20  1:22  Cybernetics Core  
  20  1:33  Zealot (Chrono Boost), Probe  
  20  1:36  Pylon  
  20  1:39  Pylon  
  23  1:57  Adept (Chrono Boost), Probe  
  25  2:09  Assimilator, Probe  
  26  2:20  Adept  
  27  2:23  Probe  
  28  2:31  Nexus  
  28  2:35  Probe  
  28  2:46  Stargate  
  28  2:47  Probe  
  29  2:54  Pylon  
  29  2:56  Warp Gate  
  29  3:06  Adept  
  31  3:18  Probe  
  32  3:28  Void Ray  
  32  3:30  Probe  
  37  3:43  Probe x2 (Chrono Boost)  
  37  3:46  Twilight Council  
  39  3:52  Probe x2 (Chrono Boost)  
  41  3:57  Probe (Chrono Boost)  
  41  4:00  Probe (Chrono Boost)  
  43  4:03  Gateway  
  43  4:09  Void Ray, Probe (Chrono Boost)  
  45  4:13  Probe (Chrono Boost)  
  45  4:15  Probe (Chrono Boost)  
  50  4:21  Probe  
  50  4:24  Resonating Glaives (Chrono Boost)  
  49  4:27  Assimilator  
  49  4:34  Probe  
  49  4:35  Gateway  
  50  4:39  Gateway  
  50  4:45  Probe  
  50  4:47  Pylon  
  51  4:57  Probe  
  51  4:59  Void Ray  
  52  5:03  Pylon  
  52  5:04  Probe  
  57  5:09  Probe  
  57  5:12  Gateway  
  58  5:21  Gateway  
  58  5:24  Adept x2  
  62  5:31  Adept  
  62  5:34  Pylon  
  64  5:40  Adept  
  64  5:42  Pylon  
  66  5:43  Pylon  
  66  5:48  Adept x2  
  70  5:55  Adept  
  72  5:59  Adept  
  74  6:10  Adept x3  
  80  6:17  Adept x3  
  74  6:21  Probe  
  74  6:24  Probe  
  70  6:35  Adept x3  
  68  6:40  Adept x3, Void Ray  
  56  6:55  Adept x4  
  56  7:00  Adept  
  56  7:09  Adept  
  56  7:14  Adept  
  60  7:16  Adept  
  60  7:17  Adept x2  
  66  7:26  Adept  
  56  7:32  Adept  
  54  7:37  Adept x2  
  54  7:38  Adept x2  
  58  7:48  Adept  
  58  7:49  Adept  
  62  7:53  Adept x2  
  62  7:58  Adept x2  
  70  8:04  Adept  
  66  8:15  Adept x3  
  62  8:23  Adept x2  
  62  8:26  Adept  
  62  8:36  Adept x3  
  62  8:45  Adept x2  
  58  8:54  Adept  
  50  8:56  Adept  
  50  8:57  Adept x2  
  50  9:02  Void Ray  
  58  9:06  Adept x2  
  62  9:11  Adept  
  62  9:12  Adept  
  66  9:20  Adept x2  
  68  9:30  Adept x3  
  62  9:37  Adept  
  56  9:43  Assimilator  
  56  9:45  Dark Shrine  
  46  10:11  Nexus  
  46  10:21  Pylon  
  46  10:24  Stalker x2  
  46  10:27  Probe  
  51  10:29  Pylon  
  51  10:30  Robotics Facility  
  51  10:41  Probe  
  52  10:45  Pylon  
  52  10:53  Adept x4  
  52  10:54  Adept  
  52  10:55  Probe  
  63  11:00  Shield Battery  
  63  11:09  Dark Templar x3  
  69  11:16  Dark Templar  
Show
View Real Time Build Order
Export as new Build Order

MarineLorD Terran - Winner!

Build Orders:  

Get SALT Encoding   

  12  0:00  SCV  
  13  0:12  SCV  
  14  0:17  Supply Depot  
  14  0:25  SCV  
  15  0:39  SCV  
  15  0:40  Barracks  
  16  0:46  Refinery  
  16  0:51  SCV  
  16  0:56  Refinery  
  17  1:03  SCV  
  18  1:15  SCV  
  19  1:27  Reaper  
  19  1:28  Orbital Command  
  19  1:30  Bunker  
  20  1:44  Supply Depot  
  20  1:47  Engineering Bay  
  20  2:02  Factory  
  20  2:08  Reaper  
  21  2:10  SCV  
  22  2:22  SCV  
  23  2:29  Supply Depot  
  23  2:34  SCV  
  24  2:45  Factory Tech Lab  
  24  2:46  SCV  
  25  2:58  SCV  
  25  3:04  Cyclone  
  29  3:10  SCV, Command Center  
  30  3:22  SCV  
  30  3:26  Mag-Field Accelerator  
  30  3:36  Cyclone  
  30  3:38  SCV  
  33  3:44  Starport  
  33  3:45  Barracks  
  33  3:50  SCV  
  33  3:51  Supply Depot  
  34  4:02  SCV  
  35  4:08  Cyclone  
  38  4:14  SCV  
  38  4:16  Barracks Reactor  
  39  4:22  Orbital Command  
  39  4:26  SCV, Viking  
  42  4:32  Barracks Tech Lab  
  42  4:33  Barracks  
  42  4:38  SCV  
  42  4:41  Siege Tank  
  46  4:47  SCV  
  46  4:51  SCV, Stimpack, Marine  
  46  4:52  Marine  
  50  4:54  Marine  
  51  5:00  SCV  
  51  5:03  SCV  
  51  5:04  Refinery, Engineering Bay  
  53  5:10  Marine x2  
  53  5:12  Marine  
  56  5:17  SCV x2  
  56  5:19  Supply Depot  
  58  5:27  Marine  
  59  5:29  SCV x2  
  59  5:30  Terran Infantry Weapons Level 1  
  59  5:32  Supply Depot  
  59  5:34  Combat Shield  
  59  5:35  Factory Reactor, Starport Reactor  
  61  5:41  SCV x2  
  61  5:42  Supply Depot, Marine  
  64  5:43  Marine  
  64  5:47  Marauder  
  64  5:49  Marauder  
  69  5:53  Missile Turret, SCV  
  69  5:55  SCV  
  71  6:02  Supply Depot  
  71  6:04  Marine x2  
  71  6:06  SCV  
  71  6:08  SCV  
  75  6:16  Marine x2  
  75  6:18  SCV  
  70  6:20  SCV  
  70  6:23  Marine  
  70  6:24  Marine  
  66  6:30  SCV  
  66  6:32  SCV  
  65  6:35  Marauder x2  
  60  6:41  Marine  
  60  6:42  SCV, Marine  
  60  6:44  SCV  
  58  6:47  Medivac x2  
  58  6:50  Widow Mine  
  55  6:54  SCV  
  55  6:56  Marine x2  
  55  6:57  SCV  
  55  6:59  Marine  
  55  7:00  Marine  
  51  7:06  SCV  
  52  7:09  SCV  
  52  7:12  Widow Mine x2  
  52  7:13  Marine  
  58  7:18  SCV, Marine x2  
  61  7:24  SCV  
  61  7:27  Marauder  
  60  7:31  SCV  
  60  7:32  Marauder  
  60  7:36  SCV, Marine  
  62  7:39  Marine  
  62  7:43  Concussive Shells  
  61  7:44  Terran Infantry Armor Level 1  
  61  7:46  SCV  
  61  7:48  SCV, Marine  
  64  7:57  Marauder, Marine x2  
  68  7:59  SCV  
  68  8:01  SCV  
  70  8:06  Marauder  
  69  8:13  SCV  
  69  8:18  Marine x2  
  69  8:19  Marauder  
  62  8:22  Medivac  
  62  8:23  Medivac  
  62  8:24  Widow Mine x2  
  62  8:25  SCV  
  67  8:27  Marine  
  68  8:36  SCV, Marine x2  
  68  8:40  Marauder, SCV  
  64  8:45  Marine  
  55  8:48  SCV  
  55  8:52  SCV  
  55  8:54  Marine  
  54  9:00  SCV  
  54  9:01  Marauder  
  57  9:04  SCV  
  57  9:06  Marine  
  59  9:11  Liberator  
  59  9:12  SCV  
  59  9:16  SCV  
  64  9:22  Marine  
  65  9:24  SCV  
  55  9:33  Marauder, Marine  
  55  9:34  SCV  
  55  9:37  SCV  
  59  9:40  Marauder, Marine  
  62  9:46  SCV  
  62  9:49  SCV  
  62  9:51  Marine  
  65  9:54  Marauder  
  65  9:58  SCV, Marine  
  68  10:01  SCV  
  68  10:02  Marauder  
  68  10:06  Medivac x2  
  75  10:09  Widow Mine  
  75  10:10  SCV  
  75  10:13  Widow Mine, SCV  
  81  10:18  Marine x2  
  81  10:19  Marauder  
  85  10:31  Marauder  
  87  10:36  Marine x2  
  87  10:42  Supply Depot x2  
  89  10:44  Supply Depot  
  89  10:47  Missile Turret  
  89  10:54  Marine x2  
  94  11:04  Marine x2  
  96  11:05  Supply Depot  

Tags
 
Add a new tag
Caveats
  • Supply blocks, unpowered buildings, or Contaminate may cause inaccurate times.
  • Supply counts are checked every 10 seconds.